Map: Eternal Empire LE

Players

ZYTHORUS - Winner!

  • Race: Protoss Protoss
  • League: Silver
  • Spawn Location: 1:00

antagomiR

  • Race: Protoss Protoss
  • League: Gold
  • Spawn Location: 7:00

VOD

Have the link to the VOD?

Description

Time

  • Played on: April 3, 2020, 1:48 a.m.
  • Length: 6:48
Show
View Real Time Build Order
Export as new Build Order

ZYTHORUS Protoss - Winner!

Build Orders:  

Get SALT Encoding   

  12  0:02  Probe  
  13  0:14  Probe  
  13  0:19  Pylon  
  14  0:26  Probe (Chrono Boost)  
  15  0:38  Probe (Chrono Boost)  
  15  0:41  Gateway  
  16  0:46  Assimilator  
  16  0:48  Probe (Chrono Boost)  
  17  0:56  Probe  
  17  1:00  Pylon  
  18  1:09  Probe (Chrono Boost)  
  19  1:17  Gateway  
  19  1:18  Probe (Chrono Boost)  
  20  1:31  Probe  
  21  1:38  Cybernetics Core  
  21  1:39  Assimilator  
  21  1:43  Probe  
  22  1:48  Zealot  
  24  1:55  Probe  
  25  2:06  Zealot  
  25  2:07  Probe  
  28  2:11  Warp Gate (Chrono Boost)  
  28  2:19  Probe  
  29  2:24  Pylon  
  29  2:25  Gateway  
  29  2:31  Probe  
  30  2:47  Probe  
  31  2:52  Sentry  
  33  2:59  Probe  
  33  3:02  Stalker  
  36  3:11  Probe  
  37  3:18  Stalker  
  39  3:37  Pylon  
  39  3:42  Pylon  
  39  3:49  Twilight Council  
  39  3:50  Pylon  
  39  3:55  Probe  
  42  3:59  Zealot, Stalker  
  44  4:10  Robotics Facility  
  44  4:13  Zealot  
  46  4:19  Probe  
  47  4:29  Zealot  
  49  4:31  Nexus  
  49  4:33  Stalker  
  49  4:34  Pylon  
  49  4:37  Sentry  
  53  4:51  Probe  
  54  4:55  Immortal (Chrono Boost)  
  57  5:01  Stalker  
  59  5:08  Stalker  
  59  5:10  Sentry  
  63  5:14  Charge (Chrono Boost)  
  63  5:16  Probe  
  64  5:28  Probe  
  65  5:34  Zealot  
  65  5:35  Stalker  
  69  5:41  Stalker  
  71  5:49  Pylon  
  63  6:18  Stalker x2  
  61  6:19  Stalker  
Show
View Real Time Build Order
Export as new Build Order

antagomiR Protoss 

Build Orders:  

Get SALT Encoding   

  12  0:01  Probe  
  13  0:13  Probe  
  14  0:18  Pylon  
  14  0:25  Probe  
  15  0:37  Probe  
  15  0:39  Gateway  
  16  0:49  Probe  
  17  0:56  Assimilator  
  17  1:01  Probe  
  18  1:06  Assimilator  
  18  1:13  Probe  
  19  1:37  Cybernetics Core  
  19  1:45  Probe  
  20  1:56  Pylon  
  20  1:57  Probe  
  21  2:09  Probe  
  21  2:10  Warp Gate (Chrono Boost)  
  22  2:22  Probe  
  23  2:29  Robotics Facility, Stalker (Chrono Boost)  
  23  2:34  Probe  
  26  2:46  Probe, Pylon  
  26  2:49  Stalker (Chrono Boost)  
  27  2:58  Probe  
  30  3:10  Probe  
  31  3:17  Gateway, Sentry  
  32  3:22  Probe  
  32  3:23  Observer (Chrono Boost)  
  34  3:34  Probe  
  34  3:37  Pylon  
  35  3:42  Immortal (Chrono Boost)  
  39  3:55  Gateway  
  39  4:10  Twilight Council  
  39  4:14  Probe  
  40  4:23  Stalker  
  42  4:26  Probe  
  43  4:35  Nexus  
  43  4:40  Pylon  
  43  4:41  Immortal  
  47  4:58  Probe  
  48  5:10  Probe, Templar Archives  
  48  5:11  Pylon  
  48  5:13  Shield Battery  
  49  5:22  Probe  
  49  5:27  Forge  
  50  5:31  Stalker  
  50  5:32  Stalker  
  50  5:34  Probe  
  55  5:46  Probe  
  55  5:48  Probe  
  57  5:55  Assimilator  
  57  5:58  Probe  
  57  5:59  Assimilator  
  57  6:01  Probe  
  59  6:10  Probe  
  56  6:13  Probe  
  56  6:15  High Templar  
  56  6:17  Zealot  
  55  6:22  Probe  
  50  6:26  Zealot  
  41  6:42  Stalker  
Tags
 
Matchup
PvP
Replay Pack
20200422
Spawn Locations
Cross Positions
Add a new tag
Caveats
  • Supply blocks, unpowered buildings, or Contaminate may cause inaccurate times.
  • Supply counts are checked every 10 seconds.